 Dungeon Crawl Stone Soup version 0.27.0-1-g7a089689b8 (webtiles) character file.

Game seed: 9752267906801731991

52 Hoon the Grasshopper (level 3, -3/30 HPs)
             Began as a Ghoul Warper on Aug 13, 2021.
             Slain by a gnoll (9 damage)
             ... on level 2 of the Dungeon.
             The game lasted 00:15:13 (1577 turns).

Hoon the Grasshopper (Ghoul Warper)                 Turns: 1577, Time: 00:15:16

Health: -3/30      AC:  6    Str: 14    XL:     3   Next: 85%
Magic:  0/4        EV: 11    Int:  8    God:
Gold:   125        SH:  0    Dex:  9    Spells: 3/5 levels left

rFire    . . .     SeeInvis .   h - +0 dagger
rCold    + . .     Faith    .   (no shield)
rNeg     + + +     Spirit   .   b - +0 leather armour
rPois    ∞         Reflect  .   (no helmet)
rElec    .         Harm     .   (no cloak)
rCorr    .         Rampage  .   (no gloves)
Will     +....                  i - +2 pair of boots
Stlth    +.........             g - amulet of regeneration
HPRegen  0.00/turn              f - ring of willpower
MPRegen  0.09/turn              (no ring)

@: very slightly contaminated, inhibited regen
A: claws 1, cold resistance 1, negative energy resistance 3, inhibited
regeneration, torment resistance 2
a: no special abilities


You were on level 2 of the Dungeon.
You visited 1 branch of the dungeon, and saw 2 of its levels.

You collected 125 gold pieces.

Inventory:

Hand Weapons
 h - a +0 dagger (weapon)
Armour
 b - a +0 leather armour (worn)
 i - a +2 pair of boots (worn)
Jewellery
 f - a ring of willpower (left claw)
 g - an amulet of regeneration (around neck)
Scrolls
 a - 5 scrolls of identify
 c - a scroll of blinking
Potions
 e - a potion of curing
 j - a potion of mutation {unknown}


   Skills:
 + Level 2.6 Fighting
 + Level 2.2 Short Blades
 - Level 0.8 Throwing
 - Level 0.8 Armour
 + Level 2.1 Dodging
 * Level 1.1 Stealth
 + Level 1.9 Spellcasting
 + Level 3.2 Translocations


You had 3 spell levels left.
You knew the following spells:

 Your Spells              Type           Power      Damage    Failure   Level
a - Blink                 Tloc           N/A        N/A       19%         2

Your spell library contained the following spells:

 Spells                   Type           Power      Damage    Failure   Level
 Gell's Gravitas          Tloc           2%         N/A       34%         3
 Lesser Beckoning         Tloc           2%         N/A       34%         3
 Teleport Other           Tloc           5%         N/A       34%         3
 Manifold Assault         Tloc           5%         N/A       97%         5


Dungeon Overview and Level Annotations

Branches:
Dungeon (2/15)

Altars:


Innate Abilities, Weirdness & Mutations

You thrive by killing the living.
You are immune to poison.
You have sharp fingernails.
Your flesh is cold resistant. (rC+)
You are immune to negative energy. (rN+++)
You do not regenerate when monsters are visible.
You are immune to unholy pain and torment.


Message History

a +0 dagger; a goblin corpse
j - a smoky cyan potion
Found a stone staircase leading down.
Found a stone staircase leading up.
Found 7 gold pieces.
Found a puce potion.
You now have 125 gold pieces (gained 7).
A gnoll comes into view. It is wielding a +0 flail.
The gnoll shouts!
You hear a shout!
A gnoll comes into view. It is wielding a +0 halberd.
The gnoll hits you from afar with a +0 halberd.
The gnoll hits you but does no damage.
Throw: 2 boomerangs (disperse)
Press: ? - help, Q - select action, (/) - cycle Shift-Dir - straight line, f - gnoll
Aim: a gnoll, wielding a +0 halberd (58% to hit)
You throw a boomerang of dispersal.
The boomerang of dispersal completely misses the gnoll.
The gnoll barely misses you.
Throw: boomerang (disperse)
Press: ? - help, Q - select action, (/) - cycle Shift-Dir - straight line, f/p - gnoll
Aim: a gnoll, wielding a +0 halberd (58% to hit)
You throw a boomerang of dispersal.
The boomerang of dispersal hits the gnoll but does no damage.
The gnoll hits you but does no damage. The gnoll hits you with a +0 halberd!
You hit the gnoll.
The gnoll is lightly wounded.
The gnoll hits you with a +0 halberd!
* * * LOW HITPOINT WARNING * * *
Unknown command.
Casting: Blink (safe; 19% risk of failure)
Confirm with . or Enter, or press ? or * to list all spells.
You blink.
The gnoll misses you.
Casting: Blink (safe; 19% risk of failure)
Confirm with . or Enter, or press ? or * to list all spells.
You miscast Blink.
You are very lightly contaminated with residual magic.
Nothing appears to happen.
The gnoll closely misses you. The gnoll hits you with a +0 flail!
You die...

#.#########. #.# ####. #.#
##.... #########
#.#####...#. #.......#
#........... #.......#
#.##......#. #.......#
#.##........
###......g#####.##........
.........@.g§.............
##!.......####.##........
...###.....# #.##...#....
. #.....# #.######..#.
.......# #.# #..#.
........# #.. #..#.
........... <.. ..>..
..........## #.. ##..#.
.#........# #..#.


You could see 2 gnolls.

Vanquished Creatures
  An adder (D:2)
  3 ball pythons (D:1)
  3 bats
  2 endoplasms (D:1)
  3 giant cockroaches
  5 goblins
  6 hobgoblins
  2 jackals (D:1)
  4 kobolds (D:1)
  2 quokkas
  2 frilled lizards (D:1)
  4 rats
37 creatures vanquished.

Notes
Turn   | Place    | Note
-------+----------+-------------------------------------------
     0 | D:1      | Hoon the Ghoul Warper began the quest for the Orb.
     0 | D:1      | Reached XP level 1. HP: 17/17 MP: 2/2
    56 | D:1      | Reached skill level 3 in Translocations
    75 | D:1      | Reached XP level 2. HP: 13/25 MP: 3/3
    83 | D:1      | Learned a level 2 spell: Blink
   265 | D:1      | Found a faded altar of an unknown god.
   703 | D:1      | Reached XP level 3. HP: 30/30 MP: 4/4
  1146 | D:2      | Reached skill level 1 in Stealth
  1577 | D:2      | Slain by a gnoll

Illustrated notes

Levels and vault maps discovered:
D:1:      lemuel_arrival_broad_hall, layout_loops_ring,
          dreamdust_ecumenical_altar_angels_and_demons,
          hangedman_abyss_or_decor_lesser_grid, minmay_pentomino_w2
D:2:      layout_basic

Skill      XL: |  1  2  3 |
---------------+----------+-----
Translocations | 3 |  3.2
Dodging        | 2 |  2.1
Short Blades   | 2 |  2.2
Stealth        | 1 |  1.1
Fighting       | |  2.6
Throwing       | |  0.8
Armour         | |  0.8
Spellcasting   | |  1.9

Action                   || total
-------------------------++-------
Melee: Short sword       ||    21
       Dagger            ||   166
Throw: Boomerang         ||     5
 Cast: Blink             ||     3
  Use: Scroll            ||     4
       Potion            ||     1
Armor: Leather armour    ||    49
Dodge: Dodged            ||    93
